 Dungeon Crawl Stone Soup version 0.21.0-3-g78d12a8 (console) character file.

136 hilaritas the Skirmisher (level 5, -5/82 HPs)
             Began as an Ogre Berserker on Jan 14, 2018.
             Was a Believer of Trog.
             Killed from afar by an orc wizard (8 damage)
             ... with a puff of flame
             ... on level 3 of the Dungeon.
             The game lasted 00:05:13 (2291 turns).

hilaritas the Skirmisher (Ogre Berserker)           Turns: 2291, Time: 00:05:15

Health: -5/82      AC:  4    Str: 27    XL:     5   Next: 19%
Magic:  5/5        EV: 10    Int:  8    God:    Trog [**....]
Gold:   201        SH:  0    Dex:  8    Spells: 4/4 levels left

rFire    . . .     SeeInvis .   a - +0 mace
rCold    . . .     Gourm    +   (no shield)
rNeg     . . .     Faith    .   b - +1 animal skin
rPois    .         Spirit   .   (helmet restricted)
rElec    .         Reflect  .   f - scarf {repulsion}
rCorr    .         Harm     .   (gloves unavailable)
MR       .....                  (boots unavailable)
Stlth    ..........             d - amulet of the gourmand
HPRegen  0.23/turn              (no ring)
MPRegen  0.09/turn              (no ring)

@: berserking, repel missiles, very quick
A: large, unfitting armour, tough skin 1
a: Berserk, Trog's Hand, Burn Spellbooks, Renounce Religion


You were on level 3 of the Dungeon.
You worshipped Trog.
Trog was pleased with you.
You were not hungry.

You visited 1 branch of the dungeon, and saw 3 of its levels.

You collected 201 gold pieces.

Inventory:

Hand Weapons
 a - a +0 mace (weapon)
Armour
 b - a +1 animal skin (worn)
 f - a scarf of repulsion (worn)
Jewellery
 d - an amulet of the gourmand (around neck)
Scrolls
 g - a scroll of remove curse
 k - a scroll of enchant armour
Potions
 e - 2 potions of agility
 h - 2 potions of curing {unknown}
 i - a potion of ambrosia {unknown}
 j - a potion of flight {unknown}
Comestibles
 c - 4 rations
 l - a chunk of flesh


   Skills:
 + Level 4.9 Fighting
 * Level 4.8 Maces & Flails
 - Level 2.6 Dodging


You had 4 spell levels left.
You didn't know any spells.

Dungeon Overview and Level Annotations

Branches:
Dungeon (3/15)

Altars:
Dithmenos


Innate Abilities, Weirdness & Mutations

You are too large for most types of armour.
You have tough skin. (AC +1)


Message History

The orc wizard is heavily wounded.
Something hits you. The orc wizard hits you with a dagger.
The orc hits you but does no damage. The centaur skeleton hits you.
You thump the orc wizard!
You kill the orc wizard!
Trog accepts your kill.
Trog appreciates your killing of a magic user.
You have reached level 5!
Something hits you but does no damage. The centaur skeleton hits you.
You thump something! The orc barely misses you. The centaur skeleton hits you.
* * * LOW HITPOINT WARNING * * *
Something hits you but does no damage.
You miss something. The centaur skeleton hits you.
* * * LOW HITPOINT WARNING * * *
The orc hits you with a flail!
* * * LOW HITPOINT WARNING * * *
You hear some strange, mumbled words.
A puff of flame appears from out of thin air!
The puff of flame hits you!
You die...

....... .......
....... .......
#........# ##=.......#
##{).......# #####
##.@Z....... ##...##
#..#o.....< ##.....#
###.##.#>.### #......<
#.........# #.......
#.........# #.......
#.........######.....#
#.>..................#
#..........####.......
#..§..###..# #.......
#....§.# #.## #.......
........# #.# ##.....#


You could see an orc and a centaur skeleton.

Vanquished Creatures
  An orc priest (D:3)
  An orc wizard (D:3)
  A gnoll (D:1)
  An ooze (D:2)
  6 worms (D:2)
  A dart slug (D:2)
  A leopard gecko (D:2)
  5 bats
  A giant cockroach (D:2)
  5 goblins
  5 hobgoblins
  6 jackals
  A quokka (D:2)
  5 frilled lizards (D:2)
  5 kobolds
  5 rats
50 creatures vanquished.

Notes
Turn   | Place    | Note
-------+----------+-------------------------------------------
     0 | D:1      | hilaritas the Ogre Berserker began the quest for the Orb.
     0 | D:1      | Reached XP level 1. HP: 24/24 MP: 1/1
   204 | D:1      | Reached XP level 2. HP: 27/32 MP: 2/2
   860 | D:2      | Reached XP level 3. HP: 39/40 MP: 3/3
   916 | D:2      | Reached ** piety under Trog
  1312 | D:2      | Reached XP level 4. HP: 49/49 MP: 4/4
  2267 | D:3      | Found a shadowy altar of Dithmenos.
  2289 | D:3      | Reached XP level 5. HP: 20/55 MP: 5/5
  2291 | D:3      | HP: 3/82 [orc/flail (8)]
  2291 | D:3      | Killed from afar by an orc wizard

Skill      XL: |  1  2  3 |
---------------+----------+-----
Maces & Flails | 3 4 |  4.8
Fighting       | |  4.9
Dodging        | |  2.6

Action                   |  1- 3 |  4- 6 || total
-------------------------+-------+-------++-------
Melee: Mace              |   111 |    77 ||   188
Invok: Berserk           |       |     1 ||     1
  Use: Scroll            |     6 |       ||     6
  Eat: Chunk             |     1 |     4 ||     5
Armor: Animal skin       |    48 |    24 ||    72
Dodge: Dodged            |    84 |    43 ||   127
       Deflected         |     2 |       ||     2
